 Dungeon Crawl Stone Soup version 0.30.1-11-g7821555f0a (webtiles) character file.

Game seed: 43796497895802759

1484 Laveh the Cleaver (level 8, 0/64 HPs)
             Began as a Minotaur Fighter on Oct 31, 2023.
             Slain by Sigmund
             ... wielding a +3 scythe of holy wrath
              (3 damage)
             ... on level 5 of the Dungeon.
             The game lasted 00:07:36 (4334 turns).

Laveh the Cleaver (Minotaur Fighter)                Turns: 4334, Time: 00:07:36

Health: 0/64       AC:  9    Str: 24    XL:     8   Next: 50%
Magic:  7/7        EV:  8    Int:  5    God:
Gold:   278        SH:  0    Dex:  9    Spells: 7/7 levels left

rFire   . . .        a - +0 war axe
rCold   . . .        w - +0 kite shield
rNeg    . . .        b - +0 scale mail
rPois   .            (helmet restricted)
rElec   .            k - +0 cloak
rCorr   .            q - +0 pair of gloves
SInv    .            (no boots)
Will    .....        (no amulet)
Stlth   x              - ring of flight
HPRegen 0.30/turn    (no ring)
MPRegen 0.10/turn

%: no passive effects
@: confused, flying
A: horns 2, retaliatory headbutt
a: no special abilities


You were on level 5 of the Dungeon.
You visited 1 branch of the dungeon, and saw 6 of its levels.

You collected 304 gold pieces.
You spent 26 gold pieces at shops.

Inventory:

Hand Weapons
 a - a +0 war axe (weapon)
Missiles
 i - 6 silver javelins (quivered)
Armour
 b - a +0 scale mail (worn)
 k - a +0 cloak (worn)
 q - a +0 pair of gloves (worn)
 w - a +0 kite shield (worn)
Jewellery
 x - a ring of flight (left hand)
Wands
 j - a wand of roots (14)
Scrolls
 c - a scroll of magic mapping {unknown}
 e - 3 scrolls of identify
 g - a scroll of fear {unknown}
 l - 4 scrolls of teleportation {unknown}
 n - a scroll of acquirement {unknown}
 o - a scroll of blinking {unknown}
 r - a scroll of butterflies {unknown}
 y - a scroll of noise {unknown}
 z - a scroll of poison {unknown}
Potions
 d - 6 potions of might
 f - 2 potions of attraction {unknown}
 h - a potion of mutation {unknown}
 m - a potion of heal wounds {unknown}
 p - 4 potions of degeneration {unknown}
 s - 2 potions of lignification {unknown}
 t - 3 potions of flight {unknown}
 u - a potion of curing {unknown}
 v - a potion of ambrosia {unknown}


   Skills:
 - Level 3.6 Fighting
 * Level 12.8 Axes
 - Level 3.6 Armour
 - Level 3.6 Shields


You had 7 spell levels left.
You didn't know any spells.
Your spell library contained the following spells:

 Spells                   Type           Power      Damage    Failure   Level
 Sting                    Tmut/Pois      0%         1d3       95%         1
 Poisonous Vapours        Pois/Air       0%         N/A       99%         2
 Mephitic Cloud           Conj/Pois/Air  0%         N/A       100%        3
 Olgreb's Toxic Radiance  Pois           0%         N/A       100%        4
 Freezing Cloud           Conj/Ice/Air   0%         6-21      100%        5


Dungeon Overview and Level Annotations

Branches:
Dungeon (6/15)
 Temple: D:4-7

Altars:
Vehumet
Wu Jian

Shops:
D:5 *   D:6 !!

Annotations:
D:5 Sigmund


Innate Abilities, Weirdness & Mutations

You have a pair of horns on your head.
You reflexively headbutt those who attack you in melee.


Message History

You closely miss something. You block the orc's attack.
The orc hits you but does no damage.
You hear some strange, mumbled words.
Deactivating autopickup; reactivate with Ctrl-A.
Something tries to affect you, but you resist.
You block something's attack.
You closely miss the orc.
The orc is heavily wounded.
You slash something! You barely miss the orc. You closely miss something.
The orc hits you with a +0 dagger.
* * * LOW HITPOINT WARNING * * *
The orc hits you but does no damage. Something hits you but does no damage.
You closely miss the orc.
The orc is heavily wounded.
You barely miss something. You slash the orc!
You kill the orc!
You hit something. The orc barely misses you. You furiously retaliate!
You headbutt the orc.
You hear some strange, mumbled words.
A magic dart appears from out of thin air!
The magic dart hits you but does no damage.
Something hits you.
* * * LOW HITPOINT WARNING * * *
You slash the orc!
You kill the orc!
You miss something. You closely miss something.
You hear some strange, mumbled words.
You are confused.
Something hits you but does no damage.
You closely miss something. You miss something. Something hits you!
* * * LOW HITPOINT WARNING * * *
Something hits you but does no damage. Something hits you.
* * * LOW HITPOINT WARNING * * *
You bump into the rock wall.
You hear some strange, mumbled words. x2
A puff of flame appears from out of thin air!
The puff of flame misses you.
You bump into the rock wall.
Something hits you.
You die...

.........#..#..........#...#....#
.........#..#..........#...#....#
.........#..#..........#...#)...#
.........#..#..........#...#....#
.........#.##..........#'###....#
###.....##.#######..............#
..#.....#..#.∩.{.'..............#
..#.....'..#...){#..............#
#+#.....#..##..)@#..............#
.......##..#######......#########
.......#.........#......#
.......+.........'......#
.......##..##.####......# ####
###.....#####.#....###########...
..#.....#.....#....+....#........
........'.....+....#....#........
#.......##...##....####.###.###'#


There were no monsters in sight!

Vanquished Creatures
  Maggie (D:6)
  Edmund (D:4)
  Menkaure (D:4)
  2 ice beasts (D:5)
  2 ogres
  2 phantoms (D:4)
  2 scorpions (D:5)
  A howler monkey (D:5)
  A gnoll bouda (D:4)
  3 jellies (D:4)
  An iguana (D:4)
  Robin (D:4)
  4 gnolls (D:4)
  3 adders
  An ufetubus (D:5)
  A dart slug (D:1)
  11 orcs
  An endoplasm (D:2)
  6 giant cockroaches
  10 goblins
  7 hobgoblins
  5 jackals
  4 quokkas
  7 ball pythons
  4 bats
  3 frilled lizards
  4 kobolds
  6 rats
95 creatures vanquished.

Notes
Turn   | Place    | Note
-------+----------+-------------------------------------------
     0 | D:1      | Laveh the Minotaur Fighter began the quest for the Orb.
     0 | D:1      | Reached XP level 1. HP: 19/19 MP: 0/0
   163 | D:1      | Reached skill level 3 in Axes
   315 | D:1      | You fall into a shaft and drop 1 floor!
   381 | D:2      | Reached XP level 2. HP: 26/26 MP: 1/1
  1109 | D:2      | Reached skill level 4 in Axes
  1252 | D:2      | Reached XP level 3. HP: 31/31 MP: 2/2
  1588 | D:3      | Found an ornate altar of the Wu Jian Council.
  1745 | D:3      | Found a radiant altar of Vehumet.
  2014 | D:4      | Noticed a phantom
  2021 | D:4      | Killed a phantom
  2022 | D:4      | Reached skill level 6 in Axes
  2022 | D:4      | Reached XP level 4. HP: 31/39 MP: 3/3
  2022 | D:4      | Reached XP level 5. HP: 36/45 MP: 4/4
  2089 | D:4      | Noticed Robin
  2101 | D:4      | Reached skill level 7 in Axes
  2102 | D:4      | Killed Robin
  2146 | D:4      | Noticed Menkaure
  2164 | D:4      | Killed Menkaure
  2165 | D:4      | Reached skill level 8 in Axes
  2165 | D:4      | Reached XP level 6. HP: 28/51 MP: 5/5
  2814 | D:4      | Noticed Edmund
  2821 | D:4      | Reached skill level 9 in Axes
  2821 | D:4      | Reached XP level 7. HP: 47/57 MP: 6/6
  2835 | D:4      | Killed Edmund
  3061 | D:5      | Entered Level 5 of the Dungeon
  3075 | D:5      | Reached skill level 10 in Axes
  3234 | D:5      | Reached skill level 11 in Axes
  3521 | D:5      | Reached XP level 8. HP: 51/64 MP: 7/7
  3909 | D:5      | Found Alur Cett's General Store.
  3916 | D:5      | Bought a scroll of identify for 26 gold pieces
  4119 | D:6      | Noticed Maggie
  4128 | D:6      | Killed Maggie
  4129 | D:6      | Reached skill level 12 in Axes
  4135 | D:6      | Found Vushel's Distillery.
  4275 | D:6      | Found Emeseu Ympi's Distillery.
  4304 | D:6      | Noticed Sigmund
  4331 | D:5      | HP: 3/64 [something (7)]
  4334 | D:5      | Slain by Sigmund

Illustrated notes

Levels and vault maps discovered:
D:1:      dpeg_arrival_radiant, layout_basic, hangedman_decor_peaks_small
D:2:      layout_loops_corners
D:3:      layout_basic, nicolae_vehumet_radiance,
          mainiacjoe_overflow_surrounded_room, chequers_serial_rivers_small_3
D:4:      layout_rooms, kennysheep_generic_room_16, uniq_robin, uniq_edmund,
          uniq_menkaure
D:5:      layout_gridville, serial_shops, shop
D:6:      layout_loops_cross, serial_shops, shop, shop, shop,
          nicolae_shop_statue_plus, nicolae_shop_pleasant_corner_grove,
          kennysheep_generic_room_3, uniq_sigmund, uniq_maggie

Skill      XL: |  1  2  3  4  5  6  7  8 |
---------------+-------------------------+-----
Axes           | 3 4 6 8 9 11 12 | 12.8
Fighting       | |  3.6
Armour         | |  3.6
Shields        | |  3.6

Action                     |  1- 3 |  4- 6 |  7- 9 || total
---------------------------+-------+-------+-------++-------
  Melee: War axe           |    70 |    76 |    89 ||   235
         Headbutt          |    11 |    12 |    15 ||    38
 Armour: Scale mail        |    26 |    28 |    31 ||    85
  Dodge: Dodged            |    38 |    26 |    23 ||    87
  Block: Buckler           |     9 |     6 |       ||    15
         Kite shield       |       |    17 |    27 ||    44
